 Dungeon Crawl Stone Soup version 0.32-a0-913-g739538afd8 (console) character file.

Game seed: 11856901520571846288

531 petzl the Magician (level 7, -6/52 HPs)
             Began as a Formicid Delver on Apr 7, 2024.
             Was an Initiate of Vehumet.
             Mangled by a wraith (8 damage)
             ... on level 5 of the Dungeon.
             The game lasted 00:18:16 (5415 turns).

petzl the Magician (Formicid Delver)                Turns: 5415, Time: 00:18:17

Health: -6/52      AC:  3    Str: 17    XL:     7   Next: 48%
Magic:  17/17      EV: 11    Int: 11    God:    Vehumet [......]
Gold:   18         SH:  0    Dex: 15    Spells: 20/20 levels left

rFire   . . .        o - +1 flail (holy)
rCold   . . .        (no shield)
rNeg    . . .        b - +0 leather armour
rPois   .            (helmet unavailable)
rElec   .            (no cloak)
rCorr   .            (no gloves)
SInv    +            (no boots)
Will    .....        (no amulet)
Stlth   +++          (no ring)
HPRegen 0.28/turn    (no ring)
MPRegen 0.15/turn

%: no passive effects
@: no status effects
A: permanent stasis, dig shafts and tunnels, antennae 3, four strong arms
a: Dig, Shaft Self, Renounce Religion


You were on level 5 of the Dungeon.
You worshipped Vehumet.
Vehumet was noncommittal.
You visited 2 branches of the dungeon, and saw 9 of its levels.

You collected 229 gold pieces.
You spent 211 gold pieces at shops.

Inventory:

Hand Weapons
 a - a +2 scimitar of draining
 g - a +0 trident
 o - a +1 flail of holy wrath (weapon)
 p - a +2 short sword of protection
Missiles
 j - 5 poisoned darts (quivered)
Armour
 b - a +0 leather armour (worn)
Wands
 f - a wand of digging (2)
Scrolls
 c - 2 scrolls of fog
 i - 2 scrolls of vulnerability
 m - a scroll of identify
 q - a scroll of amnesia
 s - a scroll of enchant armour
Potions
 d - a potion of invisibility {unknown}
 e - a potion of attraction {unknown}
 h - 2 potions of curing
 k - a potion of degeneration {unknown}
 l - a potion of ambrosia {unknown}
 n - a potion of mutation {unknown}
 r - a potion of berserk rage {unknown}


   Skills:
 - Level 3.2 Fighting
 - Level 2.0 Maces & Flails
 - Level 1.7 Dodging
 - Level 6.0 Stealth
 + Level 7.3 Spellcasting


You had 20 spell levels left.
You didn't know any spells.
Your spell library was empty.

Dungeon Overview and Level Annotations

Branches:
Dungeon (8/15)             Temple (1/1) D:4
   Lair: D:8-11

Altars:
Ashenzari
Cheibriados
Dithmenos
Elyvilon
Fedhas
Hepliaklqana
Kikubaaqudgha
Okawaru
Qazlal
Trog
Uskayaw
Vehumet
Wu Jian
Xom
The Shining One

Shops:
D:2 (

Annotations:
D:4 3 runed translucent doors, ratmeat3's ghost, novice OpFi
D:5 Eustachio
D:6 exclusion: scorpion
D:7 exclusion: downstairs


Innate Abilities, Weirdness & Mutations

You cannot be hasted, slowed, berserked, paralysed or teleported.
You can dig through walls and to a lower floor.
You have a pair of large antennae on your head. (SInv)
Your four strong arms can wield two-handed weapons with a shield.


Message History

The wraith misses you.
You hit the wraith.
The wraith convulses.
The wraith is severely damaged.
The wraith hits you! The wraith drains your vigour!
Your stasis prevents you from being slowed.
The wraith hits you!
You hit the wraith but do no damage.
The wraith is severely damaged.
The wraith closely misses you.
You barely miss the wraith.
The wraith is severely damaged.
The wraith hits you!
Unknown command.
You hit the wraith but do no damage.
The wraith is severely damaged.
The wraith hits you! The wraith drains your vigour!
Your stasis prevents you from being slowed.
You hit the wraith.
The wraith convulses.
The wraith is almost destroyed.
The wraith barely misses you. The wraith hits you.
* * * LOW HITPOINT WARNING * * *
The wraith drains your vigour!
Your stasis prevents you from being slowed.
You hit the wraith.
The wraith convulses.
The wraith is almost destroyed.
The wraith barely misses you.
You barely miss the wraith.
The wraith is almost destroyed.
The wraith hits you!
* * * LOW HITPOINT WARNING * * *
The wraith drains your vigour!
Your stasis prevents you from being slowed.
Okay, then.
Unknown command.
Unknown command.
Unknown command.
You hit the wraith but do no damage.
The wraith is almost destroyed.
The wraith hits you!
You die...

.# #.#.@.#..# #.# ###........ ##.##
.........# #...# #.#.......# #...#
#.#.......#
#...######.#.......######
#####..................#.....
..#####............#.#.......#.....
g...>................##.#......>...
..#####......<[....####..#####.....
#####.....W@.####.## #.....
#...###.......# ######
#...#......####.# #.#....###.# ###
#.##.#.###.# { ### #....##.# #.#.
#.#..##.## ..f.##.#......# { {
.............>## { S....###.......#
{ ...........##.## { {
..........###.# { ...#.........# {
#...####### ####.#### { #.......#
#.......# #.....<.#


You could see a wraith.

Vanquished Creatures
  Grinder (D:4)
  2 scorpions (D:4)
  An orc priest (D:2)
  An iguana (D:3)
  A gnoll (D:4)
  2 adders
  3 dart slugs
  4 ribbon worms
  8 orcs
  3 endoplasms
  3 giant cockroaches
  8 goblins
  6 hobgoblins
  19 jackals
  2 quokkas
  6 ball pythons
  2 bats
  2 frilled lizards
  5 kobolds
  7 rats
86 creatures vanquished.

Vanquished Creatures (collateral kills)
  Natasha (D:3)
  A kobold (D:3)
2 creatures vanquished.

Grand Total: 88 creatures vanquished

Notes
Turn   | Place    | Note
-------+----------+-------------------------------------------
     0 | D:5      | petzl the Formicid Delver began the quest for the Orb.
     0 | D:5      | Reached XP level 1. HP: 18/18 MP: 1/1
    21 | D:5      | Noticed a sleepcap
    44 | D:4      | Noticed a scorpion
    65 | D:4      | Found a shadowy altar of Dithmenos.
   148 | D:3      | Noticed Natasha
   197 | D:4      | Noticed a scorpion
   291 | D:3      | Found a broken altar of Ashenzari.
   380 | D:3      | Reached skill level 1 in Spellcasting
   380 | D:3      | Reached XP level 2. HP: 17/24 MP: 2/4
   495 | D:2      | Reached skill level 2 in Spellcasting
   630 | D:1      | Reached XP level 3. HP: 26/29 MP: 6/6
  1177 | D:1      | Reached skill level 3 in Spellcasting
  1354 | D:1      | Found a faded altar of an unknown god.
  1482 | D:2      | Reached XP level 4. HP: 29/35 MP: 8/8
  1742 | D:2      | Found Qukoq's Weapon Shoppe.
  2973 | D:3      | Reached skill level 4 in Spellcasting
  3091 | D:3      | HP: 1/34 [Natasha (5)]
  3094 | D:3      | Killed Natasha
  3095 | D:3      | Reached XP level 5. HP: 2/41 MP: 11/11
  3444 | D:3      | Reached skill level 5 in Spellcasting
  3630 | D:4      | Reached XP level 6. HP: 26/47 MP: 12/14
  3725 | D:4      | Found a runed translucent gate.
  3726 | D:4      | Found a runed translucent gate.
  3726 | D:4      | Found a runed translucent gate.
  3737 | D:4      | Noticed ratmeat3's ghost (novice OpFi)
  3893 | D:4      | You fall into a shaft and drop 3 floors!
  4041 | D:5      | Noticed Eustachio
  4044 | D:5      | Noticed a wraith
  4103 | D:4      | Found a staircase to the Ecumenical Temple.
  4135 | Temple   | Entered the Ecumenical Temple
  4144 | Temple   | Became a worshipper of Vehumet
  4161 | D:4      | Noticed Grinder
  4204 | D:4      | Killed Grinder
  4205 | D:4      | Reached skill level 7 in Spellcasting
  4205 | D:4      | Reached XP level 7. HP: 15/52 MP: 14/17
  4678 | D:2      | Bought a +2 scimitar of draining for 211 gold pieces
  5072 | D:4      | You fall into a shaft and drop 3 floors!
  5229 | D:7      | Found an ornate altar of the Wu Jian Council.
  5414 | D:5      | HP: 2/52 [wraith (11)]
  5415 | D:5      | Mangled by a wraith

Illustrated notes

Levels and vault maps discovered:
D:1:      minmay_arrival_loop, layout_loops_corners,
          hellmonk_ecumenical_altar_inner_sanctum
D:2:      layout_basic, serial_shops, nicolae_shop_waterfront
D:3:      layout_basic, ashenzari_altar_1, uniq_natasha
D:4:      minmay_recursive_quarters, layout_loops_ring,
          grunt_dithmenos_smoke_and_mirrors, temple_green,
          ebering_ghost_rock_garden, uniq_grinder
D:5:      layout_loops_cross, biasface_ghost_orc_armoury, uniq_eustachio,
          uniq_blork_the_orc
D:6:      old_forge, layout_loops_ring, led_sif_pool
D:7:      kennysheep_six_static_rooms, layout_basic,
          nicolae_ru_sacrificial_ziggurat, nicolae_wu_jian_immortal_techniques,
          grunt_decor_mini_mirrors
D:8:      layout_rooms, yredelemnul_altar_generic
Temple:   hellmonk_temple_two_chambers

Skill      XL: |  1  2  3  4  5  6 |
---------------+-------------------+-----
Spellcasting   | 1 2 3 4 5 7 |  7.3
Fighting       | |  3.2
Maces & Flails | |  2.0
Dodging        | |  1.7
Stealth        | |  6.0

Action                     |  1- 3 |  4- 6 |  7- 9 || total
---------------------------+-------+-------+-------++-------
  Melee: Trident           |    96 |   107 |       ||   203
         Flail             |       |    54 |    10 ||    64
         Scimitar          |       |       |    23 ||    23
  Throw: Dart              |       |     7 |     7 ||    14
Ability: Dig               |     1 |     2 |       ||     3
         Shaft Self        |       |     1 |     1 ||     2
  Evoke: Wand              |     1 |       |       ||     1
    Use: Scroll            |     1 |     9 |       ||    10
         Potion            |       |       |     1 ||     1
   Stab: Sleeping          |    10 |     6 |       ||    16
 Armour: Leather armour    |    52 |   100 |    32 ||   184
  Dodge: Dodged            |    67 |    98 |    24 ||   189

Table legend: (Time is in decaauts)
 A = Elapsed time spent in this place.
 B = Non-inter-level travel time spent in this place.
 C = Inter-level travel time spent in this place.
 D = Time resting spent in this place.
 E = Time spent auto-exploring this place.
 F = Levels seen in this place.
 G = Mean time per level.
                   A        B        C        D        E       F      G
               +--------+--------+--------+--------+--------+-----+--------+
         Total |   5510 |   5296 |    214 |   1143 |   2406 |   9 |  612.2 |
       Dungeon |   5492 |   5295 |    197 |   1143 |   2406 |   8 |  686.5 |
        Temple |     18 |      1 |     17 |      0 |      0 |   1 |   18.0 |
               +--------+--------+--------+--------+--------+-----+--------+

Top non-repeatable levels by time:
     D:4: 1521 daAuts
     D:2: 1476 daAuts
     D:1: 989 daAuts
     D:3: 930 daAuts
     D:7: 295 daAuts
     D:6: 156 daAuts
     D:5: 105 daAuts
  Temple: 18 daAuts
     D:8: 17 daAuts
